 Dungeon Crawl Stone Soup version 0.22.1-2-g9c5b331 (webtiles) character file.

196589 thomasnlv21 the Warrior (level 17, -2/161 HPs)
             Began as a Minotaur Berserker on Nov 11, 2018.
             Was a High Priest of Trog.
             Succumbed to a nagaraja's bolt of poison
             ... on level 4 of the Snake Pit on Nov 17, 2018.
             The game lasted 03:27:29 (43338 turns).

thomasnlv21 the Warrior (Minotaur Berserker)       Turns: 43338, Time: 03:27:31

Health: -2/161     AC: 27    Str: 29    XL:     17   Next: 75%
Magic:  1/14       EV: 16    Int:  4    God:    Trog [*****.]
Gold:   3234       SH: 15    Dex: 13    Spells: 16/16 levels left

rFire    + + +     SeeInvis .   x - +8 mithril axe "Arga" {speed, MR+}
rCold    + . .     Gourm    .   p - +0 shield
rNeg     . . .     Faith    .   I - +2 plate armour {rF+}
rPois    .         Spirit   +   (helmet restricted)
rElec    .         Reflect  .   b - scarf {rC+ rF+}
rCorr    .         Harm     .   D - +2 pair of gloves {Str+3}
MR       +++..                  v - +0 pair of boots
Stlth    ..........             X - amulet of guardian spirit
HPRegen  0.36/turn              i - ring of protection from magic
MPRegen  0.14/turn              t - ring of Nemelex Xobeh's Hatred {+Fly rF+}

@: lethally poisoned (-2 -> -61), berserk cooldown, slowed, very slow
A: retaliatory headbutt, horns 2, iridescent scales 1, low mp 1
}: 1/15 runes: barnacled
a: Berserk, Trog's Hand, Brothers in Arms, Renounce Religion, Evoke Flight


You were on level 4 of the Snake Pit.
You worshipped Trog.
Trog was extremely pleased with you.
You were not hungry.

You visited 6 branches of the dungeon, and saw 32 of its levels.
You also visited: Volcano.

You collected 3676 gold pieces.
You spent 442 gold pieces at shops.

Inventory:

Hand Weapons
 j - a +6 executioner's axe of electrocution
 l - a +1 battleaxe of freezing
 x - the +8 mithril axe "Arga" (weapon) {speed, MR+}
   (You acquired it on level 6 of the Dungeon)

   Attacks with this weapon are significantly faster.
   It affects your resistance to hostile enchantments.
 E - a +2 broad axe of flaming
 L - a +5 hand crossbow of velocity
 U - a +5 antimagic executioner's axe
Armour
 b - a scarf of resistance (worn)
 m - a scarf of cloud immunity
 p - a +0 shield (worn)
 v - a +0 pair of boots (worn)
 D - a +2 pair of gloves of strength (worn)
 I - a +2 plate armour of fire resistance (worn)
 S - the +0 ring mail of the Kettle-Drum {rF+ rC++ MR-}
   (You found it on level 14 of the Dungeon)

   It protects you from fire.
   It greatly protects you from cold.
   It affects your resistance to hostile enchantments.
 V - a +0 ring mail of cold resistance
 W - a +0 scale mail of poison resistance
Jewellery
 i - a ring of protection from magic (left hand)
 q - an uncursed ring of see invisible
 t - the ring of Nemelex Xobeh's Hatred (right hand) {+Fly rF+}
   (You found it on level 15 of the Dungeon)

   [ring of flight]

   It protects you from fire.
   It lets you fly.
 u - an uncursed ring of ice
 K - an uncursed ring of fire
 X - an amulet of guardian spirit (around neck)
 Y - an uncursed ring of positive energy
 Z - an uncursed amulet of regeneration
Wands
 d - a wand of digging (39)
 r - a wand of clouds (17)
 y - a wand of polymorph (50)
 z - a wand of iceblast (20)
 A - a wand of paralysis (14)
 R - a wand of random effects (18)
 T - a wand of flame (91)
Scrolls
 a - 4 scrolls of enchant armour
 e - 10 scrolls of remove curse
 f - 13 scrolls of identify
 g - 10 scrolls of enchant weapon
 h - 9 scrolls of teleportation
 s - a scroll of acquirement
 B - 3 scrolls of magic mapping
 G - a scroll of torment
 O - 2 scrolls of blinking
 P - a scroll of fear
Potions
 k - 4 potions of curing
 o - 4 potions of might
 w - a potion of invisibility
 C - 4 potions of cancellation
 F - 7 potions of brilliance
 H - a potion of haste
 M - 4 potions of flight
 N - 5 potions of agility
 Q - 2 potions of resistance
Comestibles
 c - 39 rations


   Skills:
 + Level 17.2 Fighting
 + Level 17.2 Axes
 + Level 17.0 Armour
 + Level 15.7 Dodging
 + Level 16.4 Shields


You had 16 spell levels left.
You didn't know any spells.
Your spell library was empty.

Dungeon Overview and Level Annotations

Branches:
Dungeon (15/15)            Temple (1/1) D:5            Lair (6/6) D:9
 Shoals (4/4) Lair:2        Snake (4/4) Lair:2        Slime (0/5) Lair:6
    Orc (2/2) D:9             Elf (0/3) Orc:2        Vaults (0/5) D:13
 Depths (0/5) D:15

Altars:
Ashenzari
Cheibriados
Dithmenos
Elyvilon
Fedhas
Gozag
Hepliaklqana
Kikubaaqudgha
Makhleb
Nemelex Xobeh
Okawaru
Qazlal
Ru
Sif Muna
Trog
Uskayaw
Vehumet
Wu Jian
Xom
Yredelemnul
Zin
The Shining One
Beogh
Jiyva

Shops:
D:7 *   D:12 (   Orc:1 *   Orc:2 [(%[   Shoals:1 =   Snake:3 =}=

Annotations:
Snake:1 exclusion: Roxanne, Roxanne


Innate Abilities, Weirdness & Mutations

You reflexively headbutt those who attack you in melee.
You have a pair of horns on your head.
You are partially covered in iridescent scales. (AC +2)
Your magical capacity is low. (-10% MP)


Message History

You block the naga mage's attack. You block the nagaraja's attack.
The naga mage spits poison at you. The splash of poison hits you!
You are more poisoned.
The nagaraja hits you but does no damage.
You see here a spear.
You feel very sick. The naga mage casts a spell at you.
The orb of energy hits you!
* * * LOW HITPOINT WARNING * * *
The orb of energy explodes!
The naga mage gestures wildly while chanting.
The naga mage seems to speed up.
The nagaraja points at you and mumbles some strange words.
The bolt of poison hits you!
You are lethally poisoned!
* * * LOW HITPOINT WARNING * * *
You block the naga mage's attack. x2
The nagaraja hits you but does no damage.
You die...

)..............###...#....≈≈.≈P≈≈
...............# #............≈.≈
.............(.# ##..............
.........[.....###..♣≈≈≈P≈.≈≈≈...
...)...............♣≈≈≈≈≈≈≈P≈♣≈.≈
...............<..♣≈≈≈≈≈≈≈≈P≈≈≈≈≈
.............)()...≈≈≈≈≈≈≈≈≈≈≈≈≈≈
.............)((....P♣♣≈≈P≈≈≈≈≈≈≈
.............).(@)....♣♣≈≈≈≈≈≈P≈≈
..##......................P≈≈♣≈≈≈
..##...........N).N..[.....≈♣♣♣
...#####.###.....##N..........##
...#<.<#.###.....###.......##..##
...#...#..........#..N.....#.....
...#^^^#........N........)......#
..##...#........N...............#
...#...#.......................##


You could see a nagaraja, a naga ritualist, 3 naga magi and a naga.

Vanquished Creatures
  Rupert (Orc:2)
  Kirke (D:13)
  The ghost of Lauz the Executioner, a journeyman MiBe of Trog (Shoals:3)
  2 nagarajas (Snake:3)
  Nessos (D:12)
  Azrael (D:15)
  4 merfolk javelineers
  3 merfolk impalers
  A yaktaur captain (D:15)
  3 vault guards (D:13)
  5 naga warriors
  10 hydras
  An alligator snapping turtle (Shoals:2)
  3 centaur warriors
  A satyr (Shoals:4)
  6 anacondas
  5 merfolk aquamancers
  2 merfolk avatars (Shoals:4)
  7 death yaks
  A dancing weapon (Shoals:3)
  3 two-headed ogres
  3 orc high priests (Orc:2)
  11 naga sharpshooters
  The ghost of bmj180 the Cruncher, a novice DgCj (D:10)
  A tengu warrior (D:14)
  Urug (Lair:3)
  10 shock serpents
  The ghost of Lauz the Cleaver, a novice MiBe of Trog (D:6)
  A salamander mystic (Snake:3)
  4 skeletal warriors (D:14)
  A fire crab (Lair:6)
  10 sea snakes
  A hell knight (Volcano)
  The ghost of Zanta616 the Sneak, a novice OpTm of Nemelex Xobeh (D:9)
  4 unseen horrors
  2 orc knights
  A wolf spider zombie (D:13)
  3 naga ritualists
  15 harpies
  A deep elf mage (D:14)
  6 salamanders
  13 cyclopes
  2 orc sorcerers (Orc:2)
  7 mana vipers
  2 fauns
  7 ugly things
  8 manticores
  A spectral centaur (D:10)
  5 merfolk sirens
  33 black mambas
  4 water nymphs
  12 naga magi
  3 guardian serpents
  Maurice (Orc:1)
  Psyche (D:8)
  3 molten gargoyles (Lair:6)
  15 elephants
  13 spiny frogs
  A gargoyle (D:10)
  4 centaur skeletons
  2 kobold demonologists
  A yaktaur (D:15)
  10 komodo dragons
  2 rime drakes
  2 freezing wraiths
  29 merfolk
  5 trolls
  3 meliai (D:13)
  A queen bee (D:13)
  Prince Ribbit (D:5)
  8 snapping turtles
  A hornet (D:10)
  A wolf spider simulacrum (D:15)
  4 wind drakes
  10 blink frogs
  5 dream sheep (Shoals:4)
  8 hippogriffs
  A shadow (D:13)
  2 wraiths (D:15)
  4 wyverns
  11 water elementals
  17 yaks
  Eustachio (D:5)
  5 basilisks
  A fire elemental (D:15)
  6 hungry ghosts
  4 vampire mosquitoes (D:14)
  2 steam dragons (Lair:6)
  3 wargs
  25 nagas
  A soldier ant (D:11)
  17 water moccasins
  7 hell hounds
  11 porcupines
  A meliai simulacrum (D:13)
  5 black bears
  3 sky beasts
  30 orc warriors
  2 ice beasts
  7 phantoms
  A necrophage (D:9)
  34 wolves (Lair:6)
  6 ogres
  13 centaurs
  9 crocodiles
  7 big kobolds
  A spectral wyvern (D:10)
  21 bullfrogs
  A gnoll sergeant (D:5)
  2 scorpions
  39 killer bees
  2 troll zombies (D:9)
  3 vampire bats
  3 wights (D:7)
  10 howler monkeys
  7 electric eels
  A spectral bullfrog (D:10)
  4 lava snakes (Lair:6)
  8 crimson imps
  2 bullfrog zombies
  2 centaur zombies
  A wyvern simulacrum (D:10)
  3 hounds
  A gnoll shaman (D:6)
  28 orc priests
  5 bullfrog skeletons
  5 jellies
  4 iguanas
  28 orc wizards
  14 worker ants
  4 ogre zombies (D:9)
  A hound skeleton (D:10)
  2 worker ant zombies
  8 gnolls
  12 adders
  5 shadow imps
  3 adder skeletons
  3 worms
  3 dart slugs
  6 leopard geckos
  66 orcs
  11 bats
  5 bat skeletons (D:3)
  A bat zombie (D:3)
  5 giant cockroaches
  5 goblins
  13 hobgoblins
  2 jackals (D:6)
  20 kobolds
  5 quokkas
  A ball python (D:5)
  5 frilled lizards
  2 goblin skeletons (D:9)
  A goblin zombie (D:9)
  2 hobgoblin skeletons (D:9)
  3 hobgoblin zombies (D:9)
  A leopard gecko skeleton (D:4)
  An orc skeleton (D:9)
  9 orc zombies (D:9)
  6 rats
  A butterfly (Lair:4)
  3 fungi
  21 plants
1035 creatures vanquished.

Vanquished Creatures (collateral kills)
  A frost giant (Shoals:2)
  An orc warlord (Orc:1)
  2 merfolk javelineers
  2 fire dragons
  5 vault guards (D:13)
  A centaur warrior (D:15)
  A satyr (Shoals:4)
  A catoblepas (Lair:5)
  An orc high priest (Orc:2)
  An orc sorcerer (Orc:2)
  A manticore (Shoals:4)
  2 merfolk (Shoals:2)
  A troll (Orc:1)
  A blink frog (Lair:5)
  2 yaks (Lair:5)
  A hog (D:13)
  2 orc warriors
  A phantom (D:13)
  3 centaurs
  A crocodile (Lair:5)
  An ogre (Orc:1)
  An orc wizard (D:9)
  5 orc priests
  2 orcs
40 creatures vanquished.

Vanquished Creatures (others)
  A mana viper (Snake:1)
  5 humans (D:13)
  A naga (Snake:3)
  A killer bee (D:12)
  An orc (D:13)
  10 fungi
  47 plants
  10 tentacles (Shoals:4)
76 creatures vanquished.

Grand Total: 1151 creatures vanquished

Notes
Turn   | Place    | Note
-------+----------+-------------------------------------------
     0 | D:1      | thomasnlv21 the Minotaur Berserker began the quest for the
                  | Orb.
     0 | D:1      | Reached XP level 1. HP: 19/19 MP: 0/0
   178 | D:1      | Reached XP level 2. HP: 27/27 MP: 1/1
   808 | D:2      | Reached XP level 3. HP: 27/33 MP: 2/2
  1027 | D:2      | Reached ** piety under Trog
  1748 | D:3      | Reached XP level 4. HP: 41/41 MP: 3/3
  2012 | D:3      | Found an ancient bone altar of Kikubaaqudgha.
  2249 | D:4      | Reached XP level 5. HP: 47/47 MP: 4/4
  2284 | D:4      | Reached skill level 5 in Axes
  2289 | D:4      | Noticed an ogre
  2295 | D:4      | Killed an ogre
  2295 | D:4      | Reached skill level 5 in Fighting
  2514 | D:4      | Reached XP level 6. HP: 38/56 MP: 5/5
  2688 | D:4      | Found a snail-covered altar of Cheibriados.
  2715 | D:4      | Reached *** piety under Trog
  3266 | D:5      | Entered Level 5 of the Dungeon
  3581 | D:5      | Reached XP level 7. HP: 62/62 MP: 6/6
  3585 | D:5      | Reached skill level 5 in Armour
  3695 | D:5      | Found a staircase to the Ecumenical Temple.
  3748 | Temple   | Entered the Ecumenical Temple
  3973 | D:5      | Noticed Prince Ribbit
  3986 | D:5      | Killed Prince Ribbit
  3986 | D:5      | Reached skill level 1 in Shields
  4182 | D:5      | Found a sacrificial altar of Ru.
  4194 | D:5      | Reached skill level 5 in Dodging
  4250 | D:5      | Noticed Eustachio
  4263 | D:5      | Killed Eustachio
  4416 | D:5      | Reached XP level 8. HP: 67/71 MP: 7/7
  5163 | D:6      | Reached **** piety under Trog
  5279 | D:6      | Found a runed gate.
  5280 | D:6      | Found an opulent altar of Gozag.
  5281 | D:6      | Noticed Lauz's ghost (novice MiBe)
  5282 | D:6      | Found a runed gate.
  5282 | D:6      | Found a runed gate.
  5299 | D:6      | Killed Lauz's ghost
  5299 | D:6      | Reached XP level 9. HP: 48/79 MP: 8/8
  5539 | D:6      | Identified a scroll of acquirement
  5540 | D:6      | Found the +8 mithril axe "Arga" {speed, MR+}
  6109 | D:7      | Reached skill level 5 in Shields
  6559 | D:7      | Found Ebiajidd's General Store.
  7099 | D:8      | Reached ***** piety under Trog
  7100 | D:8      | Noticed Psyche
  7109 | D:8      | Killed Psyche
  7109 | D:8      | Received a gift from Trog
  7562 | D:8      | Reached XP level 10. HP: 86/90 MP: 9/9
  8461 | D:9      | Found a staircase to the Orcish Mines.
  8714 | D:9      | Found a staircase to the Lair.
  9177 | D:9      | Found a runed door.
  9177 | D:9      | Noticed Zanta616's ghost (novice OpTm)
  9206 | D:9      | Killed Zanta616's ghost
  9683 | D:10     | Entered Level 10 of the Dungeon
  9683 | D:10     | Noticed a four-headed hydra
  9701 | D:10     | Killed a five-headed hydra
  9778 | D:10     | Reached skill level 10 in Axes
  9995 | D:10     | Noticed a gargoyle
 10007 | D:10     | Killed a gargoyle
 10007 | D:10     | Reached skill level 10 in Fighting
 10352 | D:10     | Reached XP level 11. HP: 99/99 MP: 10/10
 10648 | D:10     | Received a gift from Trog
 10696 | D:10     | Found a runed gate.
 10696 | D:10     | Found a runed gate.
 10696 | D:10     | Found a runed gate.
 10696 | D:10     | Noticed bmj180's ghost (novice DgCj)
 10726 | D:10     | Killed bmj180's ghost
 11085 | D:10     | Reached skill level 10 in Armour
 12025 | D:11     | Found a glowing golden altar of the Shining One.
 12411 | Lair:1   | Entered Level 1 of the Lair of Beasts
 13184 | Lair:1   | Noticed an eight-headed hydra
 13192 | Lair:1   | Killed an eight-headed hydra
 13192 | Lair:1   | Reached skill level 10 in Dodging
 13192 | Lair:1   | Reached XP level 12. HP: 110/110 MP: 11/11
 13819 | Lair:2   | Found a staircase to the Snake Pit.
 14041 | Lair:2   | Reached skill level 10 in Shields
 14282 | Lair:2   | Received a gift from Trog
 14456 | Lair:2   | Found a staircase to the Shoals.
 14995 | Lair:3   | Noticed Urug
 15002 | Lair:3   | Killed Urug
 15044 | Lair:3   | Found a dark tunnel.
 15056 | Volcano  | Entered a volcano
 15072 | Volcano  | Noticed a centaur warrior
 15075 | Volcano  | Found a bloodstained altar of Trog.
 15096 | Volcano  | Killed a centaur warrior
 17362 | Lair:5   | Reached XP level 13. HP: 104/119 MP: 12/12
 17687 | Lair:5   | Received a gift from Trog
 18653 | Lair:6   | Entered Level 6 of the Lair of Beasts
 20377 | Lair:6   | Reached XP level 14. HP: 129/129 MP: 13/13
 20390 | Lair:6   | Found a viscous altar of Jiyva.
 20390 | Lair:6   | Found a staircase to the Slime Pits.
 21041 | Lair:6   | Found a large runed door.
 21041 | Lair:6   | Found a large runed door.
 21657 | Orc:1    | Entered Level 1 of the Orcish Mines
 21659 | Orc:1    | Found a roughly hewn altar of Beogh.
 21661 | Orc:1    | Noticed an orc warlord
 21679 | Orc:1    | Killed an orc warlord
 21871 | Orc:1    | Found Benwioth's Assorted Antiques.
 22122 | Orc:2    | Entered Level 2 of the Orcish Mines
 22344 | Orc:2    | Noticed Rupert
 22363 | Orc:2    | Killed Rupert
 22807 | Orc:2    | Found a staircase to the Elven Halls.
 23058 | Orc:2    | Received a gift from Trog
 23650 | Orc:2    | Found Nurph's Antique Weapon Shop.
 23650 | Orc:2    | Found Veuts's Antique Armour Boutique.
 23651 | Orc:2    | Found Luupab's Food Boutique.
 23656 | Orc:2    | Found Jumn's Antique Armour Shop.
 23707 | Orc:2    | Bought a pair of embroidered gloves for 202 gold pieces
 23731 | Orc:2    | Bought a glowing scarf for 240 gold pieces
 23835 | Orc:1    | Noticed Maurice
 23852 | Orc:1    | Killed Maurice
 24441 | D:12     | Noticed Nessos
 24447 | D:12     | Killed Nessos
 24998 | D:12     | Found Asyossoca's Weapon Shoppe.
 25712 | D:13     | Reached XP level 15. HP: 139/139 MP: 14/14
 25714 | D:13     | Found a gate to the Vaults.
 25876 | D:13     | Noticed Kirke
 25894 | D:13     | Killed Kirke
 25961 | D:13     | Received a gift from Trog
 26283 | D:13     | Gained mutation: Your magical capacity is low. (-10% MP)
                  | [potion of mutation]
 26283 | D:13     | Gained mutation: You are partially covered in iridescent
                  | scales. (AC +2) [potion of mutation]
 26283 | D:13     | Gained mutation: You have sharp fingernails. [potion of
                  | mutation]
 27339 | D:14     | Reached skill level 15 in Axes
 27364 | D:14     | Reached skill level 15 in Fighting
 27372 | D:14     | Received a gift from Trog
 27585 | D:14     | Got an ichor-stained ring mail
 27606 | D:14     | Identified the cursed +0 ring mail of the Kettle-Drum {rF+
                  | rC++ MR-} (You found it on level 14 of the Dungeon)
 27998 | D:15     | Entered Level 15 of the Dungeon
 28245 | D:15     | Noticed Azrael
 28249 | D:15     | Received a gift from Trog
 28254 | D:15     | Killed Azrael
 28518 | D:15     | Reached skill level 15 in Armour
 28657 | D:15     | Got a pitted iron ring
 28659 | D:15     | Identified the ring of Nemelex Xobeh's Hatred {+Fly rF+}
                  | (You found it on level 15 of the Dungeon)
 28913 | D:15     | Found a staircase to the Depths.
 29359 | Shoals:1 | Entered Level 1 of the Shoals
 29664 | Shoals:1 | Found Peunies's Jewellery Shoppe.
 31510 | Shoals:2 | Reached XP level 16. HP: 139/149 MP: 13/13
 32731 | Shoals:3 | Found a runed door.
 32732 | Shoals:3 | Found a shimmering altar of Xom.
 32732 | Shoals:3 | Noticed Lauz's ghost (journeyman MiBe)
 32792 | Shoals:3 | Killed Lauz's ghost
 33312 | Shoals:3 | Received a gift from Trog
 33456 | Shoals:3 | Lost mutation: You have sharp fingernails. [a Zot trap]
 33489 | Shoals:4 | Entered Level 4 of the Shoals
 33514 | Shoals:4 | Reached skill level 15 in Shields
 34785 | Shoals:4 | Noticed a kraken
 35946 | Shoals:4 | Got a barnacled rune of Zot
 36581 | Lair:2   | Upgraded the game from 0.22.1-1-ga44c0e5 to
                  | 0.22.1-2-g9c5b331
 36648 | Snake:1  | Entered Level 1 of the Snake Pit
 36858 | Snake:1  | Reached skill level 15 in Dodging
 36919 | Snake:1  | Found a shattered altar of Ashenzari.
 36986 | Snake:1  | Noticed Roxanne
 37083 | Snake:1  | Reached XP level 17. HP: 149/159 MP: 14/14
 38057 | Snake:1  | Received a gift from Trog
 38125 | Snake:1  | You fall through a shaft!
 41866 | Snake:3  | Found Rayl's Jewellery Shoppe.
 41866 | Snake:3  | Found Vodol's Gadget Boutique.
 41867 | Snake:3  | Found Umuga's Jewellery Shoppe.
 42219 | Snake:4  | Entered Level 4 of the Snake Pit
 42872 | Snake:3  | Received a gift from Trog
 43337 | Snake:4  | HP: 6/161 [nagaraja/bolt of poison (42)]
 43338 | Snake:4  | Succumbed to a nagaraja's bolt of poison

Skill      XL: |  1  2  3  4  5  6  7  8  9 10 11 12 13 14 15 16 17 |
---------------+----------------------------------------------------+-----
Axes           | 4 5 6 7 9 10 11 12 13 14 15 16 17 | 17.2
Fighting       | 4 5 6 7 8 10 11 12 13 14 15 16 17 | 17.2
Armour         | 3 4 5 6 8 9 10 12 13 14 15 16 17 | 17.0
Dodging        | 3 4 5 6 7 8 10 11 12 13 14 15 | 15.7
Shields        | 2 4 6 8 9 11 12 13 14 15 16 | 16.4

Action                   |  1- 3 |  4- 6 |  7- 9 | 10-12 | 13-15 | 16-18 || total
-------------------------+-------+-------+-------+-------+-------+-------++-------
Melee: Hand axe          |    86 |    87 |   133 |       |       |       ||   306
       Headbutt          |    12 |    17 |    33 |   122 |   284 |   229 ||   697
       Broad axe         |       |       |    91 |   543 |   983 |   635 ||  2252
       Spear             |       |       |       |    21 |    74 |       ||    95
       War axe           |       |       |       |     5 |       |       ||     5
       Executioner's axe |       |       |       |       |   110 |   226 ||   336
Invok: Berserk           |       |     1 |     4 |     8 |    14 |     5 ||    32
       Brothers in Arms  |       |       |     1 |     5 |     9 |     4 ||    19
  Use: Scroll            |     9 |     2 |     1 |     5 |     9 |     9 ||    35
       Potion            |     3 |     3 |     3 |     4 |     4 |     3 ||    20
 Stab: Sleeping          |     1 |       |       |       |       |       ||     1
       Invisible         |       |       |       |       |     2 |       ||     2
  Eat: Chunk             |     3 |     5 |    15 |    27 |    39 |     9 ||    98
       Ration            |       |       |     1 |     5 |     7 |    11 ||    24
Armor: Animal skin       |    25 |       |       |       |       |       ||    25
       Ring mail         |     2 |       |       |       |       |       ||     2
       Chain mail        |     1 |    28 |       |       |       |       ||    29
       Plate armour      |       |    30 |   149 |   239 |   380 |   338 ||  1136
       Scale mail        |       |       |       |       |       |     2 ||     2
Dodge: Dodged            |    69 |    41 |   116 |   335 |   564 |   608 ||  1733
Block: Shield            |       |       |       |    24 |   579 |   355 ||   958
